 Dungeon Crawl Stone Soup version 0.19-a0-1260-gc94d3f7 (webtiles) character file.

340 rlgrobin the Scratcher (level 6, 0/22 HPs)
             Began as a Felid Chaos Knight on Aug 28, 2016.
             Succumbed to a worker ant's poison
             ... on level 5 of the Dungeon.
             The game lasted 00:12:45 (6928 turns).

rlgrobin the Scratcher (Felid Chaos Knight)         Turns: 6928, Time: 00:12:45

Health: 0/22       AC:  2    Str:  6      XL:     6   Next: 30%
Magic:  7/7        EV: 21    Int: 13      God:    Xom [*.....]
Gold:   213        SH:  0    Dex: 17 (18) Spells: 0 memorised, 5 levels left
                                        Lives:  0   Deaths: 1

rFire  . . .     SeeInvis +       - Unarmed
rCold  . . .     Gourm    +     (armour unavailable)
rNeg   . . .     Faith    .     (shield unavailable)
rPois  .         Spirit   .     (helmet unavailable)
rElec  .         Dismiss  .     (cloak unavailable)
rCorr  .         Reflect  .     (gloves unavailable)
MR     .....     Harm     .     (boots unavailable)
Stlth  ++++......               n - amulet of the gourmand
                                (no ring)
                                (no ring)

@: lethally poisoned (0 -> -17), quick
A: no armour, no weapons or thrown items, claws 1, fangs 3, see invisible,
blink, carnivore 3, deterioration 1, speed 1, frail 2, shaggy fur 2, slow
metabolism 1, weak 1, sharp paws
a: Blink, Renounce Religion


You were on level 5 of the Dungeon.
You worshipped Xom.
You were a special plaything of Xom.
You were full.

You visited 1 branch of the dungeon, and saw 5 of its levels.

You collected 213 gold pieces.

Inventory:

Jewellery
 n - an amulet of the gourmand (around neck)
Scrolls
 c - a scroll of immolation {unknown}
 d - 2 scrolls of amnesia
 e - 2 scrolls of remove curse
 h - a scroll of enchant weapon {unknown}
 k - a scroll of random uselessness {unknown}
Potions
 f - a potion of agility {unknown}
 p - a potion of magic
Comestibles
 a - 2 meat rations
 b - a royal jelly
 j - a slice of pizza


   Skills:
 - Level 3.0 Fighting
 + Level 6.1 Dodging
 + Level 4.4 Stealth
 - Level 6.1 Unarmed Combat


You had 5 spell levels left.
You didn't know any spells.

Dungeon Overview and Level Annotations

Branches:
Dungeon (5/15)
 Temple: D:4-7

Altars:
Okawaru

Annotations:
D:2 Robin


Innate Abilities, Weirdness & Mutations

You cannot wear armour.
You are incapable of wielding weapons or throwing items.
You have sharp claws.
You have razor-sharp teeth.
You have supernaturally acute eyesight. (SInv)
You are carnivorous and can eat meat at any time.
You cover ground quickly.
You are covered in thick fur. (AC +2)
You have a slow metabolism.
Your sharp claws are effective at attacking unaware monsters.
You can translocate small distances at will.
Your body sometimes deteriorates upon taking damage.
You are very frail. (-20% HP)
You are weak. (Str -2)


Message History

You feel sick. The worker ant completely misses you.
You scratch the worker ant.
The worker ant is severely wounded.
* * * LOW HITPOINT WARNING * * *
You feel sick. The worker ant completely misses you.
You closely miss the worker ant. You bite the worker ant.
The worker ant is severely wounded.
* * * LOW HITPOINT WARNING * * *
You feel sick. The worker ant misses you.
You closely miss the worker ant.
The worker ant is severely wounded.
* * * LOW HITPOINT WARNING * * *
You feel sick. The worker ant barely misses you.
You swap places.
* * * LOW HITPOINT WARNING * * *
You feel sick.
The worker ant completely misses your butterfly.
It was a potion of magic.
Magic courses through your body.
You die...
Xom laughs nastily!

#o##.#####.#..### #>##.#
#..##.[..##
#o##.###o#.(.....###
.....o##....#####...##
###...####..#.# #....) ..
#.........# #.#.##
##...#.##.##.# #.#†#
###...##b##.##.#####.#.#
.....bab@##.##.......#.##
####.###b##.#.....<......
#.##.....###......
#..........[......
#b##.#######..<...
#.##.#######......
#.###.##............##
#.................###
#######.#.....#.###.#


You could see a worker ant.

Vanquished Creatures
  A phantom (D:4)
  2 scorpions (D:5)
  A crimson imp (D:5)
  A centaur skeleton (D:5)
  A hound (D:3)
  3 orc wizards
  A worker ant (D:4)
  3 adders
  A shadow imp (D:5)
  2 oozes
  4 worms
  2 dart slugs (D:1)
  3 giant geckos
  19 orcs
  4 giant cockroaches
  10 goblins
  10 hobgoblins
  2 jackals (D:4)
  2 quokkas (D:3)
  12 bats
  4 giant newts
  A jackal skeleton (D:4)
  2 kobolds (D:1)
  A quokka skeleton (D:4)
  9 rats
101 creatures vanquished.

Vanquished Creatures (collateral kills)
  2 orcs (D:4)
2 creatures vanquished.

Grand Total: 103 creatures vanquished

Notes
Turn   | Place    | Note
-------+----------+-------------------------------------------
     0 | D:1      | rlgrobin the Felid Chaos Knight began the quest for the Orb.
     0 | D:1      | Reached XP level 1. HP: 10/10 MP: 2/2
    33 | D:1      | Reached skill level 1 in Stealth
   182 | D:1      | XOM: divination: magic mapping
   382 | D:1      | XOM: harmless Necr miscast
   431 | D:1      | XOM: harmless Air miscast
   560 | D:1      | Reached XP level 2. HP: 7/14 MP: 3/3
   899 | D:1      | XOM: harmless Chrm miscast
  1213 | D:1      | XOM: noise
  1401 | D:1      | XOM: butterfly on damage
  1514 | D:1      | XOM: butterfly on damage
  1711 | D:1      | Reached XP level 3. HP: 17/17 MP: 4/4
  1770 | D:2      | Noticed Robin
  2004 | D:1      | XOM: noise
  2257 | D:2      | XOM: scenery: 1 doors close
  2491 | D:2      | XOM: god gift: 14 gold pieces
  2949 | D:2      | Reached XP level 4. HP: 15/21 MP: 5/5
  3111 | D:2      | XOM is BORED!
  3111 | D:2      | XOM: give mutation
  3111 | D:2      | Gained mutation: Your body sometimes deteriorates upon taking damage. [Xom's mischief]
  3291 | D:2      | XOM: 2-stop teleportation journey
  3470 | D:3      | Reached skill level 5 in Dodging
  3506 | D:3      | XOM: enchant monster (good)
  3511 | D:3      | Reached XP level 5. HP: 17/24 MP: 6/6
  3552 | D:2      | XOM: god gift: 21 gold pieces
  3710 | D:3      | XOM: summons 2 hostile demons
  3955 | D:2      | XOM is BORED!
  3970 | D:3      | XOM: noise
  4852 | D:4      | XOM: chaos upgrade
  4931 | D:4      | XOM: medium Divn miscast
  4996 | D:4      | Noticed a phantom
  5011 | D:4      | Killed a phantom
  5011 | D:4      | Reached skill level 5 in Unarmed Combat
  5014 | D:4      | XOM: give mutations
  5014 | D:4      | Gained mutation: You are weak. (Str -2) [Xom's mischief]
  5014 | D:4      | Gained mutation: You can translocate small distances at will. [Xom's mischief]
  5014 | D:4      | Gained mutation: You are frail. (-10% HP) [Xom's mischief]
  5018 | D:4      | Gained mutation: You are covered in thick fur. (AC +2) [Felid growth]
  5018 | D:4      | Reached XP level 6. HP: 17/25 MP: 7/7
  5082 | D:4      | XOM: give mutations
  5082 | D:4      | Gained mutation: You are very weak. (Str -4) [Xom's mischief]
  5082 | D:4      | Gained mutation: You occasionally shout uncontrollably at your foes. [Xom's mischief]
  5082 | D:4      | Lost mutation: You occasionally shout uncontrollably at your foes. [Xom's mischief]
  5082 | D:4      | Gained mutation: You are very frail. (-20% HP) [Xom's mischief]
  5544 | D:4      | Found an iron altar of Okawaru.
  6001 | D:4      | XOM: harmless Summ miscast
  6154 | D:5      | Entered Level 5 of the Dungeon
  6184 | D:5      | XOM: potion effect (heal wounds)
  6185 | D:5      | XOM: noise
  6194 | D:5      | XOM: confusion (+ monsters)
  6366 | D:5      | XOM: medium Fire miscast
  6368 | D:5      | XOM: noise
  6538 | D:4      | XOM: harmless Air miscast
  6658 | D:5      | Shot with an arrow by a centaur
  6659 | D:5      | Reached XP level 5. HP: -1/19 MP: 6/6
  6741 | D:5      | XOM: harmless Chrm miscast
  6751 | D:5      | Lost mutation: You are very weak. (Str -4) [potion of mutation]
  6805 | D:5      | XOM: summons 2 hostile demons
  6846 | D:5      | Reached XP level 6. HP: 21/22 MP: 7/7
  6886 | D:5      | XOM: 2-stop teleportation journey
  6920 | D:5      | HP: 1/22 [worker ant (6)]
  6921 | D:5      | XOM: butterfly on damage
  6927 | D:5      | HP: 1/22 [poisoned by a worker ant]
  6928 | D:5      | Succumbed to a worker ant's poison

Vault maps used:
D:1:      lemuel_arrival_hallway
D:2:      minivault_25, uniq_robin
D:4:      first_bread, serial_bayou, serial_bayou_pond_b, serial_bayou_pond_d,
          serial_bayou_shore_b, serial_bayou_lagoon_a,
          kennysheep_okawaru_gauntlet

Skill      XL: |  1  2  3  4  5  6 |
---------------+-------------------+-----
Stealth        | 2 3 4 |  4.4
Unarmed Combat | 4 5 6 |  6.1
Dodging        | 5 6 |  6.1
Fighting       | |  3.0

Action                   |  1- 3 |  4- 6 || total
-------------------------+-------+-------++-------
Melee: Unarmed           |   122 |   246 ||   368
       Bite              |     5 |    22 ||    27
       Punch             |       |     6 ||     6
 Abil: Blink             |       |     1 ||     1
  Use: Scroll            |     2 |     6 ||     8
       Potion            |       |     4 ||     4
 Stab: Sleeping          |     7 |    12 ||    19
       Distracted        |       |     3 ||     3
  Eat: Chunk             |     5 |    13 ||    18
Armor: Skin              |    11 |     8 ||    19
Dodge: Dodged            |    84 |   169 ||   253
